 Dungeon Crawl Stone Soup version 0.28-a0-261-gc0b50483a2 (webtiles) character file.

Game seed: 11543990673957504441

98 Malachi the Skirmisher (level 4, -2/40 HPs)
             Began as a Ghoul Fighter on Aug 27, 2021.
             Killed from afar by an orc wizard (9 damage)
             ... with a puff of flame
             ... on level 3 of the Dungeon.
             The game lasted 00:02:29 (1964 turns).

Malachi the Skirmisher (Ghoul Fighter)              Turns: 1964, Time: 00:02:30

Health: -2/40      AC:  9    Str: 20    XL:     4   Next: 71%
Magic:  3/3        EV:  7    Int:  3    God:
Gold:   130        SH:  7    Dex:  8    Spells: 3/3 levels left

rFire   . . .      SeeInvis .   a - +0 war axe
rCold   + . .      Faith    .   c - +0 kite shield
rNeg    + + +      Spirit   .   b - +0 scale mail
rPois   ∞          Reflect  .   (no helmet)
rElec   .          Harm     .   (no cloak)
rCorr   .          Rampage  .   k - +1 pair of gloves
Will    .....                   (no boots)
Stlth   ..........              (no amulet)
HPRegen 0.00/turn               (no ring)
MPRegen 0.08/turn               (no ring)

@: inhibited regen
A: claws 1, cold resistance 1, negative energy resistance 3, inhibited
regeneration, torment resistance 2
a: no special abilities


You were on level 3 of the Dungeon.
You visited 1 branch of the dungeon, and saw 3 of its levels.

You collected 130 gold pieces.

Inventory:

Hand Weapons
 a - a +0 war axe (weapon)
Armour
 b - a +0 scale mail (worn)
 c - a +0 kite shield (worn)
 k - a +1 pair of gloves (worn)
Jewellery
 l - a +6 ring of intelligence
 m - a ring of magical power
Scrolls
 f - a scroll of identify {unknown}
 h - a scroll of immolation {unknown}
 i - 2 scrolls of enchant armour {unknown}
 j - a scroll of magic mapping {unknown}
Potions
 d - a potion of might
 e - 2 potions of cancellation {unknown}
 g - a potion of heal wounds {unknown}


   Skills:
 + Level 3.7 Fighting
 + Level 2.7 Axes
 + Level 3.2 Armour
 + Level 0.7 Dodging
 + Level 0.1 Stealth
 + Level 3.3 Shields


You had 3 spell levels left.
You didn't know any spells.
Your spell library contained the following spells:

 Spells                   Type           Power      Damage    Failure   Level
 Sting                    Tmut/Pois      0%         1d3       100%        1
 Ensorcelled Hibernation  Hex/Ice        0%         N/A       100%        2
 Poisonous Vapours        Pois/Air       0%         N/A       100%        2
 Olgreb's Toxic Radiance  Pois           0%         N/A       100%        4
 Shadow Creatures         Summ           N/A        N/A       100%        6
 Spider Form              Tmut/Pois      Unusable   N/A       N/A         3

Dungeon Overview and Level Annotations

Branches:
Dungeon (3/15)

Altars:

Shops:
D:1 *


Innate Abilities, Weirdness & Mutations

You thrive by killing the living.
You are immune to poison.
You have sharp fingernails.
Your flesh is cold resistant. (rC+)
You are immune to negative energy. (rN+++)
You do not regenerate when monsters are visible.
You are immune to unholy pain and torment.


Message History

Something completely misses you.
You see here a +0 flail.
Something hits you. Something hits you.
Things that are here:
a +0 flail; a +0 ring mail; an orc corpse Something hits you but does no damage.
Something hits you but does no damage. Something hits you but does no damage.
You closely miss something.
Something hits you but does no damage. x2
You closely miss something.
Something hits you but does no damage. x2
Your scale mail prevents you from hitting something.
You hear some strange, mumbled words.
A magic dart appears from out of thin air!
The magic dart hits you.
You miss something. You block something's attack.
Something hits you but does no damage.
You slash something! Something hits you but does no damage.
You barely miss something. You block something's attack.
Something hits you but does no damage.
You miss something.
Something hits you but does no damage. x2
You miss something. Something hits you.
You closely miss something. Something hits you but does no damage.
You hear some strange, mumbled words.
You are confused.
You barely miss something.
You hear some strange, mumbled words.
A magic dart appears from out of thin air!
The magic dart hits you.
* * * LOW HITPOINT WARNING * * *
You miss something. Something hits you but does no damage.
You hear some strange, mumbled words.
A magic dart appears from out of thin air!
The magic dart hits you.
* * * LOW HITPOINT WARNING * * *
You feel less confused.
The shining eye turns its gaze towards you.
A puff of flame appears from out of thin air!
The puff of flame hits you!
You die...

..#.#G#../# ..
###.#.###...###...
...##.................
#......#......._......
#....................
#..........###...### ..
#..........#G#...#G#...#
#..........###...###....
#............@..).......
#............##)........
#............##.........
####..##†...###.........
..######.##...{............
...........................
...#.####.#................
#.......#.###.........
#..#....#...#........


You could see a shining eye.

Vanquished Creatures
  An orc priest (D:3)
  2 adders (D:2)
  A dart slug (D:1)
  An orc (D:3)
  7 ball pythons (D:1)
  3 bats
  6 endoplasms
  2 giant cockroaches
  4 hobgoblins (D:1)
  5 frilled lizards
  4 goblins
  7 kobolds
  4 rats
47 creatures vanquished.

Notes
Turn   | Place    | Note
-------+----------+-------------------------------------------
     0 | D:1      | Malachi the Ghoul Fighter began the quest for the Orb.
     0 | D:1      | Reached XP level 1. HP: 19/19 MP: 0/0
   238 | D:1      | Found Vaiko's General Store.
   248 | D:1      | Reached XP level 2. HP: 23/26 MP: 1/1
   383 | D:1      | Reached XP level 3. HP: 29/31 MP: 2/2
  1517 | D:2      | Reached XP level 4. HP: 24/40 MP: 3/3
  1864 | D:3      | Noticed a floating eye
  1866 | D:3      | Found a faded altar of an unknown god.
  1926 | D:3      | Noticed a shining eye
  1930 | D:3      | Noticed a floating eye
  1964 | D:3      | Killed from afar by an orc wizard

Illustrated notes

Levels and vault maps discovered:
D:1:      evilmike_arrival_hilbert_curve, layout_rooms, serial_shops, shop,
          hangedman_glass_teeth, serial_park_tiny_2,
          hangedman_abyss_or_decor_stabs, corexii_hall_statues_u,
          minmay_surrounded
D:2:      layout_basic, serial_co_window_serial, co_window_paths_b,
          co_window_paths_a, co_window_paths_a, co_window_of_opportunity_a,
          co_window_of_opportunity_a, co_window_2corner, co_window_broadway_c,
          co_window_of_opportunity_b, co_window_broadway_a,
          co_window_broadway_b, co_window_2corner
D:3:      layout_basic, hellmonk_ecumenical_altar_watching_god

Skill      XL: |  1  2  3 |
---------------+----------+-----
Axes           | 2 |  2.7
Shields        | 3 |  3.3
Armour         | 3 |  3.2
Fighting       | |  3.7
Dodging        | |  0.7
Stealth        | |  0.1

Action                   |  1- 3 |  4- 6 || total
-------------------------+-------+-------++-------
Melee: War axe           |   125 |    49 ||   174
Armor: Scale mail        |    59 |    34 ||    93
Dodge: Dodged            |    53 |    27 ||    80
Block: Kite shield       |    56 |    32 ||    88

Table legend: (Time is in decaauts)
 A = Elapsed time spent in this place.
 B = Non-inter-level travel time spent in this place.
 C = Inter-level travel time spent in this place.
 D = Time resting spent in this place.
 E = Time spent auto-exploring this place.
 F = Levels seen in this place.
 G = Mean time per level.
                   A        B        C        D        E       F      G
               +--------+--------+--------+--------+--------+-----+--------+
         Total |   2072 |   2041 |     31 |      0 |   1585 |   3 |  690.7 |
       Dungeon |   2072 |   2041 |     31 |      0 |   1585 |   3 |  690.7 |
               +--------+--------+--------+--------+--------+-----+--------+

Top non-repeatable levels by time:
     D:1: 963 daAuts
     D:2: 961 daAuts
     D:3: 147 daAuts
